 Dungeon Crawl Stone Soup version 0.27-a0-789-g6bb3289e1e (webtiles) character file.

Game seed: 14499394996624605446

2799 porpoise the Conjurer (level 9, -9/54 HPs)
             Began as a Deep Elf Conjurer on Mar 27, 2021.
             Was an Initiate of Vehumet.
             Shot with a sling bullet by Joseph (14 damage)
             ... on level 7 of the Dungeon.
             The game lasted 00:34:50 (8348 turns).

porpoise the Conjurer (Deep Elf Conjurer)           Turns: 8348, Time: 00:34:51

Health: -9/54      AC: 10    Str:  6    XL:     9   Next: 43%
Magic:  0/18       EV: 13    Int: 25    God:    Vehumet [......]
Gold:   269        SH:  0    Dex: 13    Spells: 2/18 levels left

rFire    . . .     SeeInvis .   a - +1 dagger (venom)
rCold    . . .     Faith    .   (no shield)
rNeg     + . .     Spirit   .   y - +2 robe {Will+}
rPois    .         Reflect  .   p - +1 helmet
rElec    .         Harm     .   m - +0 cloak
rCorr    +         Rampage  .   G - +2 pair of gloves
Will     +....                  (no boots)
Stlth    ++........             (no amulet)
HPRegen  0.18/turn              c - ring of positive energy
MPRegen  0.16/turn              v - ring of resist corrosion

@: very slightly contaminated
A: no striking features
a: Renounce Religion


You were on level 7 of the Dungeon.
You worshipped Vehumet.
Vehumet was noncommittal.
You visited 2 branches of the dungeon, and saw 8 of its levels.
You also visited: Sewer.

You collected 379 gold pieces.
You spent 110 gold pieces at shops.

Inventory:

Hand Weapons
 a - a +1 dagger of venom (weapon)
 b - a +0 hunting sling of freezing
Missiles
 i - 25 poisoned darts (quivered)
 k - 123 stones
 B - a curare-tipped dart
Armour
 m - a +0 cloak (worn)
 p - a +1 helmet (worn)
 u - a scarf of shadows
 y - a +2 robe of willpower (worn)
 z - a +1 robe of the Archmagi
 C - a scarf of shadows
 G - a +2 pair of gloves (worn)
Jewellery
 c - a ring of positive energy (right hand)
 e - a ring of see invisible
 v - a ring of resist corrosion (left hand)
 H - a +6 ring of strength
Wands
 w - a wand of iceblast (9)
Scrolls
 d - 2 scrolls of amnesia
 q - a scroll of enchant armour
 r - a scroll of blinking {unknown}
 s - a scroll of magic mapping {unknown}
 t - a scroll of brand weapon
 A - a scroll of enchant weapon {unknown}
 E - 2 scrolls of fear
Potions
 f - 3 potions of haste
 g - a potion of resistance {unknown}
 h - a potion of lignification {unknown}
 j - 8 potions of curing
 l - 4 potions of heal wounds
 n - 2 potions of flight
 o - 2 potions of berserk rage {unknown}
 x - a potion of might {unknown}
 D - a potion of attraction {unknown}
 F - a potion of brilliance {unknown}
 I - a potion of magic {unknown}


   Skills:
 - Level 5.0 Fighting
 - Level 5.0 Dodging
 - Level 2.4 Stealth
 - Level 5.0 Spellcasting
 - Level 7.0 Conjurations
 - Level 7.0 Hexes
 - Level 5.0 Translocations
 + Level 2.5 Air Magic
 + Level 2.9 Poison Magic
 + Level 3.9 Evocations


You had 2 spell levels left.
You knew the following spells:

 Your Spells              Type           Power      Damage    Failure   Level
a - Magic Dart            Conj           100%       1d8       1%          1
b - Searing Ray           Conj           82%        3d6       1%          2
c - Fulminant Prism       Conj/Hex       20%        3d13      4%          4
d - Iskenderun's Mystic   Conj/Tloc      36%        2d9       7%          4
k - Blink                 Tloc           N/A        N/A       1%          2
m - Mephitic Cloud        Conj/Pois/Air  27%        N/A       4%          3

Your spell library contained the following spells:

 Spells                   Type           Power      Damage    Failure   Level
 Apportation              Tloc           62%        N/A       1%          1
 Corona                   Hex            45%        N/A       1%          1
 Slow                     Hex            41%        N/A       1%          2
 Animate Skeleton         Necr           12%        N/A       9%          1
 Pain                     Necr           24%        1d5       9%          1
 Summon Small Mammal      Summ           24%        N/A       9%          1
 Call Imp                 Summ           6%         N/A       12%         2
 Dazzling Flash           Conj/Hex       82%        N/A       1%          3
 Conjure Flame            Conj/Fire      23%        6-21      6%          3
 Vampiric Draining        Necr           3%         2d6       24%         3
 Animate Dead             Necr           3%         N/A       63%         4
 Agony                    Necr           6%         N/A       92%         5


Dungeon Overview and Level Annotations

Branches:
Dungeon (7/15)             Temple (1/1) D:7           Sewer (visited)

Altars:
Ashenzari
Cheibriados
Dithmenos
Elyvilon
Fedhas
Hepliaklqana
Kikubaaqudgha
Makhleb
Nemelex Xobeh
Okawaru
Qazlal
Ru
Sif Muna
Trog
Uskayaw
Vehumet
Wu Jian
Xom
Yredelemnul
Zin
The Shining One

Shops:
D:7 !

Annotations:
D:7 Joseph


Message History

The blast of energy engulfs Joseph!!
Joseph is moderately wounded.
Casting: Fulminant Prism (dangerous; 4% risk of failure)
Confirm with . or Enter, or press ? or * to list all spells.
Aiming: Searing Ray (safe; 1% risk of failure)
Press: ? - help, Shift-Dir - straight line, f/p - Joseph
Aim: Joseph, wielding a +0 hunting sling, wearing a +0 leather armour and quivering sling bullets (moderately wounded, 18% to evade)
The searing ray misses Joseph. (Press . to maintain the ray.) Joseph shoots a sling bullet.
The sling bullet hits you but does no damage.
The searing ray hits Joseph!
Joseph is heavily wounded.
Joseph says, "You will never get the ORB, sorry."
Joseph shoots a sling bullet.
The sling bullet hits you!
Joseph shoots a sling bullet.
The sling bullet hits you.
The searing ray hits Joseph!
Joseph is severely wounded.
You feel yourself speed up.
Joseph shoots a sling bullet.
The sling bullet hits you.
The searing ray hits Joseph.
Joseph is severely wounded.
You finish channeling your searing ray.
Joseph says, "It's nothing personal, but I have to kill you."
Joseph shoots a sling bullet.
The sling bullet hits you!
* * * LOW HITPOINT WARNING * * *
Casting: Searing Ray (safe; 1% risk of failure)
Confirm with . or Enter, or press ? or * to list all spells.
Aiming: Searing Ray (safe; 1% risk of failure)
Press: ? - help, Shift-Dir - straight line, f/p - Joseph
Aim: Joseph, wielding a +0 hunting sling, wearing a +0 leather armour and quivering sling bullets (severely wounded, 18% to evade)
The searing ray hits Joseph!
Joseph is almost dead. (Press . to maintain the ray.) Joseph shoots a sling bullet.
The sling bullet hits you!
* * * LOW HITPOINT WARNING * * *
The searing ray hits Joseph.
Joseph is almost dead.
Joseph shoots a sling bullet.
The sling bullet hits you!
You die...

.# #......#.#.# #.#...<......# .#
#......#.#.# #.#.#........#
.######...####.#+###.#.#.........
..........####....##.#....#.....#
..........'.......##.####...#....
..........#####...##.#.∩.......#.
..........# ##'###.#..##.>#....
..........# #.# #.#....#...#.⌠
..........# #@# #.#.)#...#....
..........# #.# #.#.)#.#...⌠.>
.....#.#### #@# #.#))#...#....
.....#.# #(# #.#..#<#...#.⌠
.....#.# ... #.#..#........
.....#.# ....##.#..#......#.
.....#.# ...).##.####.#.....[
.......# ......##.)....#.....#
.....### .......#########......


You could see Joseph.

Vanquished Creatures
  A hornet (D:6)
  Sigmund (D:5)
  4 water moccasins
  2 ice beasts
  2 orc warriors (D:7)
  5 ogres
  3 phantoms (D:5)
  3 kobold brigands
  A wyvern skeleton (D:7)
  A water moccasin skeleton (D:3)
  A bullfrog zombie (D:6)
  An orc priest (D:6)
  2 bullfrog skeletons
  4 hounds
  A jelly (D:4)
  2 iguanas (D:7)
  3 orc wizards
  A killer bee zombie (D:7)
  A hound zombie (D:5)
  A hound skeleton (D:4)
  Robin (D:2)
  8 adders
  A howler monkey skeleton (D:5)
  2 river rats (Sewer)
  2 white imps
  2 ufetubi (D:5)
  4 worms (D:3)
  2 dart slugs
  10 orcs
  10 ball pythons
  4 endoplasms
  3 giant cockroaches
  11 goblins
  10 hobgoblins
  13 jackals
  6 quokkas
  4 bats
  4 frilled lizards
  18 kobolds
  8 rats
163 creatures vanquished.

Vanquished Creatures (others)
  7 fulminant prisms
7 creatures vanquished.

Grand Total: 170 creatures vanquished

Notes
Turn   | Place    | Note
-------+----------+-------------------------------------------
     0 | D:1      | porpoise the Deep Elf Conjurer began the quest for the Orb.
     0 | D:1      | Reached XP level 1. HP: 10/10 MP: 6/6
   299 | D:1      | Reached XP level 2. HP: 15/15 MP: 5/8
   603 | D:1      | Learned a level 2 spell: Searing Ray
   961 | D:1      | Reached skill level 5 in Conjurations
   961 | D:1      | Reached XP level 3. HP: 19/19 MP: 7/10
  1291 | D:2      | Found a white marble altar of Elyvilon.
  2025 | D:2      | Noticed Robin
  2027 | D:2      | Killed Robin
  2028 | D:2      | Reached XP level 4. HP: 24/24 MP: 8/12
  2356 | D:3      | Found a glowing drain.
  2381 | D:3      | Reached skill level 5 in Spellcasting
  2513 | Sewer    | Entered a sewer
  2746 | Sewer    | Noticed a kobold brigand
  2764 | Sewer    | Killed a kobold brigand
  2765 | Sewer    | Reached XP level 5. HP: 28/28 MP: 6/14
  2823 | Sewer    | Learned a level 4 spell: Fulminant Prism
  2828 | Sewer    | Learned a level 4 spell: Iskenderun's Mystic Blast
  2991 | Sewer    | Found a white marble altar of Elyvilon.
  3372 | D:3      | Reached skill level 1 in Fighting
  3528 | D:3      | Found a glowing golden altar of the Shining One.
  3751 | D:3      | Found a sacrificial altar of Ru.
  3823 | D:4      | Reached XP level 6. HP: 34/34 MP: 15/15
  3960 | D:4      | Reached skill level 1 in Hexes
  4419 | D:4      | Reached XP level 7. HP: 40/40 MP: 11/16
  4923 | D:4      | Found an iron altar of Okawaru.
  5093 | D:5      | Entered Level 5 of the Dungeon
  5116 | D:5      | Reached skill level 5 in Hexes
  5318 | D:5      | Learned a level 2 spell: Blink
  5322 | D:5      | Learned a level 3 spell: Mephitic Cloud
  5471 | D:5      | Reached XP level 8. HP: 48/48 MP: 12/17
  5529 | D:5      | Noticed Sigmund
  5535 | D:5      | Killed Sigmund
  5789 | D:5      | Reached skill level 5 in Fighting
  5802 | D:5      | Reached skill level 1 in Translocations
  6570 | D:6      | Found a sparkling altar of Nemelex Xobeh.
  6577 | D:6      | Noticed a hornet
  6581 | D:6      | Killed a hornet
  6582 | D:6      | Reached skill level 5 in Dodging
  6808 | D:6      | Found a radiant altar of Vehumet.
  6926 | D:6      | Reached XP level 9. HP: 54/54 MP: 14/18
  6940 | D:6      | Reached skill level 1 in Evocations
  7016 | D:6      | Found a broken altar of Ashenzari.
  7017 | D:6      | Found a blossoming altar of Fedhas.
  7017 | D:6      | Found an ornate altar of the Wu Jian Council.
  7060 | D:6      | Became a worshipper of Vehumet
  7132 | D:6      | Found an ancient bone altar of Kikubaaqudgha.
  7217 | D:7      | Reached skill level 5 in Translocations
  7399 | D:7      | Found a staircase to the Ecumenical Temple.
  7432 | D:7      | Found Adwi Ibe's Distillery.
  7445 | Temple   | Entered the Ecumenical Temple
  7712 | D:7      | Reached skill level 1 in Air Magic
  7712 | D:7      | Reached skill level 1 in Poison Magic
  7767 | D:7      | Bought a potion of degeneration for 10 gold pieces
  7767 | D:7      | Bought 2 potions of heal wounds for 100 gold pieces
  8335 | D:7      | Noticed Joseph
  8348 | D:7      | Shot with a sling bullet by Joseph

Illustrated notes

Levels and vault maps discovered:
D:1:      sevenhm_arrival_forest_fort_large_1, layout_basic,
          chequers_serial_rivers_room_b
D:2:      layout_loops_ring, lemuel_round_altar, kennysheep_path_1,
          minmay_quadrilaterals, uniq_robin
D:3:      layout_loops_ring, nicolae_ru_the_path_less_chosen,
          overflow_temple_1_default, cheibrodos_sewer_entry_sluice
D:4:      layout_gridville, kennysheep_little_box
D:5:      layout_rooms, uniq_sigmund
D:6:      layout_rooms, nicolae_vehumet_radiance,
          nemelex_xobeh_ov_fountains_minmay, nicolae_overflow_quartered_altars,
          serial_corexii_hall, corexii_hall_statues_l,
          chequers_hall_statues_corner_a
D:7:      layout_basic, minmay_temple_entry_sparse_star, serial_shops, shop,
          nicolae_shop_statue_plus, nicolae_shop_behind_doors,
          nicolae_qazlal_style_of_elements, uniq_joseph
Temple:   minmay_temple_curvy_loop

Skill      XL: |  1  2  3  4  5  6  7  8  9 |
---------------+----------------------------+-----
Spellcasting   | 4 5 |  5.0
Conjurations   | 5 6 7 |  7.0
Fighting       | 1 2 4 5 |  5.0
Hexes          | 3 6 7 |  7.0
Dodging        | 5 |  5.0
Translocations | 4 5 |  5.0
Evocations     | 3 |  3.9
Air Magic      | 2 |  2.5
Poison Magic   | 2 |  2.9
Stealth        | |  2.4

Action                   |  1- 3 |  4- 6 |  7- 9 || total
-------------------------+-------+-------+-------++-------
 Fire: Hunting sling     |       |    54 |    61 ||   115
Throw: Dart              |       |       |     2 ||     2
 Cast: Magic Dart        |    66 |    15 |     5 ||    86
       Searing Ray       |     3 |    27 |    49 ||    79
       Fulminant Prism   |       |       |     7 ||     7
       Iskenderun's Myst |       |       |     2 ||     2
  Use: Scroll            |       |     4 |     4 ||     8
Armor: Robe              |       |     2 |     8 ||    10
Dodge: Dodged            |     1 |     8 |    14 ||    23

Table legend: (Time is in decaauts)
 A = Elapsed time spent in this place.
 B = Non-inter-level travel time spent in this place.
 C = Inter-level travel time spent in this place.
 D = Time resting spent in this place.
 E = Time spent auto-exploring this place.
 F = Levels seen in this place.
 G = Mean time per level.
                   A        B        C        D        E       F      G
               +--------+--------+--------+--------+--------+-----+--------+
         Total |   8421 |   8126 |    295 |   3057 |   4063 |   9 |  935.7 |
       Dungeon |   7635 |   7366 |    269 |   2719 |   3735 |   7 | 1090.7 |
        Temple |    222 |    196 |     26 |      0 |    195 |   1 |  222.0 |
         Sewer |    563 |    563 |      0 |    338 |    132 |   1 |  563.0 |
               +--------+--------+--------+--------+--------+-----+--------+

Top non-repeatable levels by time:
     D:4: 1287 daAuts
     D:1: 1206 daAuts
     D:5: 1135 daAuts
     D:3: 1095 daAuts
     D:2: 998 daAuts
     D:6: 988 daAuts
     D:7: 923 daAuts
   Sewer: 563 daAuts
  Temple: 222 daAuts
